 Dungeon Crawl Stone Soup version 0.28-a0-998-gb9e9c7b67e (webtiles) character file.

Game seed: 7538501336615935786

81 vineage the Skirmisher (level 4, -2/31 HPs)
             Began as a Gargoyle Fighter on Dec 5, 2021.
             Killed from afar by an orc wizard (11 damage)
             ... with a puff of flame
             ... on level 3 of the Dungeon.
             The game lasted 00:02:20 (1494 turns).

vineage the Skirmisher (Gargoyle Fighter)           Turns: 1494, Time: 00:02:21

Health: -2/31      AC: 11    Str: 20    XL:     4   Next: 40%
Magic:  4/4        EV:  9    Int: 14    God:
Gold:   122        SH:  0    Dex: 11    Spells: 3/3 levels left

rFire   . . .      SeeInvis .   j - +0 mace (holy)
rCold   . . .      Faith    .   c - +1 buckler
rNeg    + . .      Spirit   .   b - +0 scale mail
rPois   ∞          Reflect  .   (no helmet)
rElec   +          Harm     .   (no cloak)
rCorr   .          Rampage  .   (no gloves)
Will    .....                   h - +0 pair of boots
Stlth   ..........              (no amulet)
HPRegen 0.10/turn               k - +6 ring of intelligence
MPRegen 0.09/turn               (no ring)

@: confused
A: sickness immunity, AC +3, negative energy resistance 1, electricity
resistance, torment resistance 1, petrification resistance
a: no special abilities


You were on level 3 of the Dungeon.
You visited 1 branch of the dungeon, and saw 3 of its levels.

You collected 122 gold pieces.

Inventory:

Hand Weapons
 a - a +0 flail
 j - a +0 mace of holy wrath (weapon)
Armour
 b - a +0 scale mail (worn)
 c - a +1 buckler (worn)
 h - a +0 pair of boots (worn)
Jewellery
 k - a +6 ring of intelligence (left hand)
Scrolls
 e - a scroll of enchant armour
 i - 3 scrolls of identify
Potions
 d - a potion of might
 f - 2 potions of haste


   Skills:
 + Level 5.6 Fighting
 - Level 2.0 Maces & Flails
 - Level 3.2 Armour
 - Level 3.2 Shields


You had 3 spell levels left.
You didn't know any spells.
Your spell library was empty.

Dungeon Overview and Level Annotations

Branches:
Dungeon (3/15)

Altars:

Shops:
D:2 ?:!*


Innate Abilities, Weirdness & Mutations

You are immune to sickness and miasma.
Your stone body is resilient. (AC +3)
You are immune to poison.
You resist negative energy. (rN+)
You are resistant to electric shocks. (rElec)
You are resistant to unholy torment.
You are immune to petrification.


Message History

You hear some strange, mumbled words.
Something tries to affect you, but you resist.
You closely miss something. Something hits you but does no damage.
You miss something.
You hear some strange, mumbled words.
You are confused.
You bump into the rock wall.
Something hits you but does no damage.
You bump into the rock wall.
Something hits you but does no damage.
You miss something.
You hear some strange, mumbled words.
Something tries to affect you, but you resist.
Something completely misses you.
You miss something. Something hits you but does no damage.
You completely miss something.
You feel less confused. You block something's attack.
You miss something. You block something's attack.
Something hits you but does no damage.
You miss something. Something hits you but does no damage.
You closely miss something. Something hits you but does no damage.
You hit something. You block something's attack.
You hear some strange, mumbled words.
Something tries to affect you, but you resist.
You sock something! Something hits you but does no damage.
You closely miss something. Something hits you but does no damage.
You miss something.
You hear some strange, mumbled words.
Something tries to affect you, but you resist.
You miss something.
You hear some strange, mumbled words.
You are confused.
Something hits you but does no damage.
You bump into the rock wall.
Something hits you but does no damage.
You bump into the rock wall.
Something hits you.
* * * LOW HITPOINT WARNING * * *
You bump into the rock wall.
You hear some strange, mumbled words.
A puff of flame appears from out of thin air!
The puff of flame hits you!
You die...

#.#
#.............##.#
#<# #[####...#o##.#
#.# #.# ##.##.# ..>
#.# ####.#####.##.#
o.... #.#
#.......o.ow..# .....
#.#
#.##.#####...........
#.# # #.#
######...... #.# #{#
...... #.# #@# .. ###
.## #


There were no monsters in sight!

Vanquished Creatures
  An orc wizard (D:3)
  A worm (D:3)
  2 dart slugs
  2 orcs (D:3)
  6 ball pythons
  6 endoplasms
  2 giant cockroaches
  7 hobgoblins
  4 kobolds
  4 quokkas
  5 bats
  3 frilled lizards
  5 goblins
  3 rats
51 creatures vanquished.

Notes
Turn   | Place    | Note
-------+----------+-------------------------------------------
     0 | D:1      | vineage the Gargoyle Fighter began the quest for the Orb.
     0 | D:1      | Reached XP level 1. HP: 14/14 MP: 1/1
   161 | D:1      | Reached XP level 2. HP: 15/20 MP: 2/2
   163 | D:1      | Reached skill level 4 in Fighting
   414 | D:1      | Found a faded altar of an unknown god.
   719 | D:1      | Reached XP level 3. HP: 24/24 MP: 3/3
   870 | D:2      | Found Ozxan's General Store.
  1100 | D:2      | Found Mihoaxo's Book Emporium.
  1131 | D:2      | Reached skill level 5 in Fighting
  1133 | D:2      | Found Ruco's Magic Scroll Boutique.
  1195 | D:2      | Found Yvemeeru's Distillery.
  1421 | D:3      | Reached XP level 4. HP: 28/31 MP: 4/4
  1494 | D:3      | Killed from afar by an orc wizard

Illustrated notes

Levels and vault maps discovered:
D:1:      evilmike_arrival_hilbert_curve, layout_rooms,
          ebering_ecumenical_altar_petrified
D:2:      layout_rooms, serial_shops, nicolae_shop_statue_plus,
          nicolae_diamond_shop, shop, nicolae_shop_waterfront
D:3:      layout_loops_ring, worldfamousw_hep_ancestral_shrine

Skill      XL: |  1  2  3 |
---------------+----------+-----
Fighting       | 4 5 |  5.6
Maces & Flails | |  2.0
Armour         | |  3.2
Shields        | |  3.2

Action                   |  1- 3 |  4- 6 || total
-------------------------+-------+-------++-------
Melee: Flail             |   119 |       ||   119
       Mace              |     6 |    43 ||    49
  Use: Scroll            |     7 |       ||     7
       Potion            |       |     1 ||     1
Armor: Scale mail        |    82 |    28 ||   110
Dodge: Dodged            |    77 |     9 ||    86
Block: Buckler           |    37 |     8 ||    45

Table legend: (Time is in decaauts)
 A = Elapsed time spent in this place.
 B = Non-inter-level travel time spent in this place.
 C = Inter-level travel time spent in this place.
 D = Time resting spent in this place.
 E = Time spent auto-exploring this place.
 F = Levels seen in this place.
 G = Mean time per level.
                   A        B        C        D        E       F      G
               +--------+--------+--------+--------+--------+-----+--------+
         Total |   1546 |   1447 |     99 |      0 |   1034 |   3 |  515.3 |
       Dungeon |   1546 |   1447 |     99 |      0 |   1034 |   3 |  515.3 |
               +--------+--------+--------+--------+--------+-----+--------+

Top non-repeatable levels by time:
     D:1: 858 daAuts
     D:2: 469 daAuts
     D:3: 218 daAuts
